AoeStats
← aleixmn8.s

Arabia

509951734Analyzed
2v2 RM · 2d ago on Sep 28, 2026· 45m 55s· 4 players
Game mode
Random Map
Map size
Medium (4 player)
Population
200
Speed
Normal
Resources
Standard
Victory
Conquest
Starting age
Dark Age
Ending age
Imperial Age
RankedLock teamsTeams togetherTeam positionsShared explorationLock speedFull tech treeHidden civsTurbo modeCheats
Victory
Defeat
🇹🇷 Franks · Türkiye
719
+14
🇨🇴 Turks · Colombia
674
+15
🇪🇸 Mongols · Spain
677
-15
🇪🇸 Magyars · Spain
658
-14
FATİH
12:58 Feudal Age
16:32 Castle Age
16:40 Double-Bit Axe
23:12 Forging
23:02 Loom
23:53 Wheelbarrow
23:27 Squires
24:08 Bow Saw
24:08 Pikeman
24:46 Gold Mining
25:23 Husbandry
26:14 Gold Shaft Mining
25:30 Stone Mining
28:14 Iron Casting
30:42 Hand Cart
30:14 Town Watch
31:55 Scale Barding Armor
35:21 Imperial Age
33:51 Town Patrol
35:50 Chain Barding Armor
35:30 Cavalier
37:15 Blast Furnace
37:18 Chemistry
36:32 Chivalry
36:54 Conscription
37:15 Halberdier
38:34 Plate Barding Armor
37:39 Paladin
Fulgur
6:41 Loom
12:01 Feudal Age
15:55 Double-Bit Axe
16:01 Town Watch
16:56 Wheelbarrow
19:12 Forging
19:07 Scale Barding Armor
25:47 Castle Age
36:30 Horse Collar
38:54 Fletching
39:12 Padded Archer Armor
41:06 Town Watch
44:36 Bodkin Arrow
44:59 Leather Archer Armor
45:52 Iron Casting
45:38 Chain Barding Armor
aleixmn8.s
0:26 Loom
10:31 Feudal Age
10:57 Double-Bit Axe
14:58 Fletching
17:08 Padded Archer Armor
19:33 Gold Mining
22:38 Wheelbarrow
24:06 Castle Age
24:18 Stone Mining
25:05 Forging
24:54 Horse Collar
25:28 Bow Saw
24:49 Pikeman
26:18 Wheelbarrow
25:29 Town Watch
28:22 Hand Cart
28:29 Hand Cart
29:02 Ballistics
34:47 Imperial Age
32:20 Town Patrol
32:50 Bodkin Arrow
37:09 Chemistry
37:10 Scale Barding Armor
42:04 Elite Mangudai
j0w1_69
6:50 Loom
13:30 Feudal Age
14:17 Double-Bit Axe
14:14 Horse Collar
18:40 Bloodlines
21:14 Scale Barding Armor
23:28 Fletching
23:39 Padded Archer Armor
26:04 Wheelbarrow
31:29 Castle Age
31:35 Pikeman
34:09 Hand Cart
34:55 Caravan
36:08 Bow Saw
36:09 Scale Mail Armor
36:30 Chain Barding Armor
37:45 Thumb Ring
37:01 Crossbowman
37:56 Crossbowman
42:24 Chain Mail Armor
Connection lost

Rejoining the realm…

Still unreachable

The connection could not be restored.

Session expired

The server has moved on; the page needs a fresh start.